 Dungeon Crawl Stone Soup version 0.21-a0-426-g98080a9 (webtiles) character file.

38 drevant the Skirmisher (level 3, 0/29 HPs)
             Began as a Demonspawn Abyssal Knight on Nov 6, 2017.
             Was a Follower of Lugonu.
             Slain by an adder (1 damage)
             ... on level 2 of the Dungeon.
             The game lasted 00:02:38 (1026 turns).

drevant the Skirmisher (Demonspawn Abyssal Knight)  Turns: 1026, Time: 00:02:38

Health: 0/29       AC:  3    Str: 13    XL:     3   Next: 25%
Magic:  0/4        EV: 16    Int: 13    God:    Lugonu [*.....]
Gold:   28         SH:  0    Dex: 17    Spells: 2/2 levels left

rFire    . . .     SeeInvis .   a - +1 spear
rCold    . . .     Gourm    .   (no shield)
rNeg     . . .     Faith    .   b - +0 leather armour
rPois    .         Spirit   +   (no helmet)
rElec    .         Reflect  .   (no cloak)
rCorr    .         Harm     .   (no gloves)
MR       .....                  (no boots)
Stlth    ++........             (no amulet)
HPRegen  0.09/turn              (no ring)
MPRegen  0.18/turn              (no ring)

@: agile, lethally poisoned (0 -> -6)
A: magic shield, magic regeneration
a: Depart the Abyss, Renounce Religion


You were on level 2 of the Dungeon.
You worshipped Lugonu.
Lugonu was aware of your devotion.
You were not hungry.

You visited 1 branch of the dungeon, and saw 2 of its levels.
You visited the Abyss 1 time.

You collected 28 gold pieces.

Inventory:

Hand Weapons
 a - a +1 spear (weapon)
Missiles
 f - a throwing net
 h - 10 stones (quivered)
Armour
 b - a +0 leather armour (worn)
Scrolls
 d - a scroll of identify {unknown}
 e - 3 scrolls of teleportation {unknown}
 j - a scroll of blinking {unknown}
Potions
 g - 3 potions of magic
Comestibles
 c - a bread ration
 i - a meat ration


   Skills:
 + Level 3.4 Fighting
 * Level 3.0 Polearms
 - Level 1.7 Armour
 - Level 0.8 Dodging
 - Level 2.4 Invocations


You had 2 spell levels left.
You didn't know any spells.

Dungeon Overview and Level Annotations

Branches:
Dungeon (2/15)

Altars:


Innate Abilities, Weirdness & Mutations

When hurt, damage is shared between your health and your magic reserves.
You regenerate magic rapidly.


Message History

The jackal pauses to sniff the ground.
The adder barely misses you.
* * * LOW HITPOINT WARNING * * *
You feel sick.
The hobgoblin hits you but does no damage.
The adder closely misses you.
Okay, then.
* * * LOW HITPOINT WARNING * * *
You feel sick.
* * * LOW HITPOINT WARNING * * *
You feel sick.
* * * LOW HITPOINT WARNING * * *
You feel sick. The adder bites you but does no damage.
A ball python comes into view.
* * * LOW HITPOINT WARNING * * *
You feel sick. The adder closely misses you. The hobgoblin hits you.
* * * LOW HITPOINT WARNING * * *
The adder bites you.
You die...

###...### .. #.......#
. #.#.†.#†# .#
#...#.######.####
#.....g.........# #
#(†.#.###g.#.##.
#.##......#..# #.#
#..!....#g#Sh#..S..
####.#.#.(..@...#
...<.....(##.#...#
##.##.....##.#.......
####.##........##...###
#<......).........#.#
##..#.##.....#######.#
.....<##.....## .#
###.#.........#
#.###.......#


You could see an adder, a jackal, 2 hobgoblins and a ball python (sleeping).

Vanquished Creatures
  An adder (D:2)
  A dart slug (D:2)
  4 bats
  A giant cockroach (D:1)
  2 goblins
  A hobgoblin (D:1)
  6 jackals
  2 frilled lizards (D:1)
  2 kobolds (D:1)
  8 rats (D:1)
28 creatures vanquished.

Notes
Turn   | Place    | Note
-------+----------+-------------------------------------------
     0 | Abyss:1  | drevant the Demonspawn Abyssal Knight began the quest for the Orb.
     0 | Abyss:1  | Reached XP level 1. HP: 18/18 MP: 2/2
    61 | Abyss:2  | Noticed a small abomination
    62 | D:1      | Escaped the Abyss
   254 | D:1      | Reached * piety under Lugonu
   311 | D:1      | Gained mutation: When hurt, damage is shared between your health and your magic reserves. [demonic ancestry]
   311 | D:1      | Reached XP level 2. HP: 24/24 MP: 3/3
   974 | D:2      | Gained mutation: You regenerate magic rapidly. [demonic ancestry]
   974 | D:2      | Reached XP level 3. HP: 26/29 MP: 4/4
  1026 | D:2      | HP: 1/29 [hobgoblin (3)]
  1026 | D:2      | Slain by an adder

Vault maps used:
D:1:      lightli_arrival_statue_moat
D:2:      uniq_natasha
Abyss:2:  abyss_exit_lava, minivault_1

Skill      XL: |  1  2  3 |
---------------+----------+-----
Polearms       | 2 3 |  3.0
Fighting       | |  3.4
Armour         | |  1.7
Dodging        | |  0.8
Invocations    | |  2.4

Action                   || total
-------------------------++-------
Melee: Spear             ||    84
Throw: Stone             ||     7
Invok: Depart the Abyss  ||     1
  Use: Potion            ||     2
Armor: Leather armour    ||    21
Dodge: Dodged            ||    43

Table legend:
 A = Spawn XP
 B = Non-spawn XP
 C = Spawn XP percentage of total XP
 D = Spawn monster count
 E = Non-spawn monster count
 F = Spawn count percentage of total count
 G = Total turns spent on level
                    A         B        C        D         E        F      G
               +---------+---------+-------+---------+---------+-------+---------
         Total |       0 |      55 |   0.0 |       0 |      28 |   0.0 |  1026
               +---------+---------+-------+---------+---------+-------+---------
           D:1 |       0 |      30 |   0.0 |       0 |      22 |   0.0 |   863
           D:2 |       0 |      25 |   0.0 |       0 |       6 |   0.0 |   101
               +---------+---------+-------+---------+---------+-------+---------
